 Dungeon Crawl Stone Soup version 0.21.1-1-g345015f (webtiles) character file.

233 Monsterracer the Skirmisher (level 5, -1/48 HPs)
             Began as a Draconian Wanderer on Feb 12, 2018.
             Slain by a killer bee (5 damage)
             ... on level 3 of the Dungeon.
             The game lasted 00:04:04 (2980 turns).

Monsterracer the Skirmisher (Draconian Wanderer)    Turns: 2980, Time: 00:04:05

Health: -1/48      AC:  5    Str: 14    XL:     5   Next: 74%
Magic:  5/5        EV: 11    Int: 12    God:
Gold:   137        SH:  0    Dex: 12    Spells: 4/4 levels left

rFire    . . .     SeeInvis .     - Unarmed
rCold    + . .     Gourm    .   (no shield)
rNeg     . . .     Faith    .   (armour unavailable)
rPois    .         Spirit   .   (helmet restricted)
rElec    .         Reflect  .   (no cloak)
rCorr    .         Harm     .   (no gloves)
MR       .....                  (no boots)
Stlth    +.........             (no amulet)
HPRegen  0.16/turn              e - ring of protection from cold {!d}
MPRegen  0.09/turn              (no ring)

@: lethally poisoned (-1 -> -5)
A: unfitting armour, cold-blooded, AC +5
a: no special abilities


You were on level 3 of the Dungeon.
You were not hungry.

You visited 1 branch of the dungeon, and saw 3 of its levels.

You collected 137 gold pieces.

Inventory:

Jewellery
 e - a ring of protection from cold (left hand) {!d}
Scrolls
 h - a scroll of enchant weapon {unknown}
 i - a scroll of identify {unknown}
 j - a scroll of remove curse {unknown}
 k - a scroll of magic mapping {unknown}
Potions
 b - 2 potions of curing
 f - a potion of brilliance {unknown}
 g - a potion of agility {unknown}
Comestibles
 c - 4 rations


   Skills:
 + Level 5.3 Fighting
   Level 1.0 Staves
   Level 1.0 Shields
 * Level 4.9 Unarmed Combat
   Level 2.6 Hexes
   Level 1.0 Evocations


You had 4 spell levels left.
You didn't know any spells.

Dungeon Overview and Level Annotations

Branches:
Dungeon (3/15)

Altars:
Sif Muna


Innate Abilities, Weirdness & Mutations

Your plain brown scales are hard. (AC +5)
You cannot fit into any form of body armour.
You are cold-blooded and may be slowed by cold attacks.


Message History

The adder closely misses you.
You take 3 damage, and have 19/48 hp.
You hit the adder.
You kill the adder!
You feel sick.
You take 1 damage, and have 18/48 hp.
Unknown command.
You feel sick.
You take 1 damage, and have 17/48 hp.
You feel sick.
You feel sick.
You feel sick.
You feel sick.
You feel sick.
You feel sick.
You feel sick.
You are no longer poisoned.
Key pressed, stopping explore.
A jackal is nearby!
You are too injured to fight recklessly!
A jackal is nearby!
The jackal barks!
The jackal closely misses you.
You hit the jackal.
The jackal is moderately wounded.
The jackal bites you.
* * * LOW HITPOINT WARNING * * *
You take 2 damage, and have 17/48 hp.
You barely miss the jackal.
The jackal is moderately wounded.
The jackal bites you but does no damage.
You hit the jackal.
The jackal is heavily wounded.
The jackal bites you but does no damage.
Unknown command.
You hit the jackal.
You kill the jackal!
You see here a jackal corpse.
You start resting.
A leopard gecko comes into view.
A leopard gecko is nearby!
A leopard gecko is nearby!
You are too injured to fight recklessly!
You are too injured to fight recklessly!
Drop what? 10/52 slots (_ for help) (? for menu, Esc to quit)
You drop a +2 quarterstaff.
You see here a scroll labeled SESTRE MEUXICRA.
The leopard gecko hisses angrily.
The leopard gecko barely misses you.
You hit the leopard gecko but do no damage.
You tail-slap the leopard gecko.
The leopard gecko is severely wounded.
The leopard gecko bites you.
* * * LOW HITPOINT WARNING * * *
You take 1 damage, and have 18/48 hp.
You completely miss the leopard gecko.
The leopard gecko is severely wounded.
The leopard gecko barely misses you.
You hit the leopard gecko.
You kill the leopard gecko!
You see here a leopard gecko corpse.
Key pressed, stopping explore.
Key pressed, stopping explore.
You regained 14 hp, and now have 33/48 hp.
A killer bee is nearby!
You are too injured to fight recklessly!
You are too injured to fight recklessly!
You are too injured to fight recklessly!
The killer bee buzzes angrily.
The killer bee buzzes angrily.
You hit the killer bee but do no damage.
The killer bee completely misses you. The killer bee stings you!
You are poisoned.
The killer bee poisons you!
You take 8 damage, and have 25/48 hp.
You miss the killer bee.
The killer bee buzzes angrily.
Your tail-slap misses the killer bee.
You feel sick. The killer bee barely misses you. x2
You take 1 damage, and have 24/48 hp.
You closely miss the killer bee.
You feel sick. The killer bee closely misses you.
You take 1 damage, and have 23/48 hp.
You miss the killer bee.
The killer bee buzzes angrily.
Your tail-slap misses the killer bee.
The killer bee stings you.
* * * LOW HITPOINT WARNING * * *
The killer bee stings you.
* * * LOW HITPOINT WARNING * * *
The killer bee stings you!
* * * LOW HITPOINT WARNING * * *
You take 17 damage, and have 6/48 hp.
MASSIVE DAMAGE!!
You closely miss the killer bee.
Your tail-slap misses the killer bee.
* * * LOW HITPOINT WARNING * * *
You feel sick.
The killer bee stings you but does no damage.
The killer bee stings you.
* * * LOW HITPOINT WARNING * * *
The killer bee stings you.
You die...

#.......# #.......#####
#.......#...## ###
#............## #...#
#.>...........# #...#
#.............# #...#
#######)......# #...##
#...$..#######)...#
#?....@yy.........###
##########.<†..yy............###
#.........(...!............#....
#...)....#.......#####...#.#....
#........#......## ###.†##.#....
#...(..........#####.......##...
####)###....#.......a...........
#(.# #.......####.##.#.###....
#.## #.#..##...a..#..#.# #....


You could see 4 killer bees.

Vanquished Creatures
  An ogre (D:3)
  A killer bee (D:2)
  A worker ant (D:2)
  5 adders
  A dart slug (D:1)
  A leopard gecko (D:3)
  An orc (D:3)
  2 ball pythons
  2 bats
  2 goblins (D:1)
  A hobgoblin (D:2)
  4 jackals
  4 frilled lizards
  9 kobolds
  A rat (D:2)
36 creatures vanquished.

Notes
Turn   | Place    | Note
-------+----------+-------------------------------------------
     0 | D:1      | Monsterracer the Draconian Wanderer began the quest for the Orb.
     0 | D:1      | Monsterracer set off with: a +2 quarterstaff, a potion of curing, a ration
     0 | D:1      | Reached XP level 1. HP: 22/22 MP: 1/1
    77 | D:1      | Reached skill level 1 in Unarmed Combat
   179 | D:1      | Reached XP level 2. HP: 23/28 MP: 2/2
   852 | D:2      | HP: 12/28 [adder (5)]
   860 | D:2      | HP: 11/28 [poisoned by an adder]
  1074 | D:2      | HP: 13/28 [adder (4)]
  1076 | D:2      | Reached XP level 3. HP: 12/34 MP: 3/3
  1080 | D:2      | HP: 9/34 [poisoned by an adder]
  1085 | D:2      | HP: 8/34 [poisoned by an adder]
  1092 | D:2      | HP: 7/34 [poisoned by an adder]
  1100 | D:2      | HP: 6/34 [poisoned by an adder]
  1614 | D:2      | Found a deep blue altar of Sif Muna.
  1997 | D:2      | HP: 17/34 [poisoned by a worker ant]
  1999 | D:2      | Reached XP level 4. HP: 12/41 MP: 4/4
  2002 | D:2      | HP: 9/41 [poisoned by a worker ant]
  2007 | D:2      | HP: 7/41 [poisoned by a worker ant]
  2013 | D:2      | HP: 4/41 [poisoned by a worker ant]
  2021 | D:2      | HP: 3/41 [poisoned by a worker ant]
  2029 | D:2      | HP: 2/41 [poisoned by a worker ant]
  2339 | D:2      | HP: 30/61 [poisoned by a killer bee]
  2344 | D:2      | HP: 24/61 [poisoned by a killer bee]
  2349 | D:2      | HP: 22/61 [poisoned by a killer bee]
  2354 | D:2      | HP: 13/41 [poisoned by a killer bee]
  2361 | D:2      | HP: 12/41 [poisoned by a killer bee]
  2369 | D:2      | HP: 11/41 [poisoned by a killer bee]
  2604 | D:3      | Noticed an ogre
  2616 | D:3      | Killed an ogre
  2616 | D:3      | Reached skill level 5 in Fighting
  2616 | D:3      | Reached XP level 5. HP: 44/48 MP: 5/5
  2805 | D:3      | HP: 24/48 [adder (2)]
  2810 | D:3      | HP: 18/48 [poisoned by an adder]
  2816 | D:3      | HP: 16/48 [poisoned by an adder]
  2822 | D:3      | HP: 15/48 [poisoned by an adder]
  2830 | D:3      | HP: 14/48 [poisoned by an adder]
  2868 | D:3      | HP: 17/48 [jackal (2)]
  2882 | D:3      | HP: 18/48 [leopard gecko (1)]
  2977 | D:3      | HP: 24/48 [poisoned by a killer bee]
  2979 | D:3      | HP: 6/48 [killer bee (9)]
  2980 | D:3      | Slain by a killer bee

Skill      XL: |  1  2  3  4 |
---------------+-------------+-----
Unarmed Combat | 1 2 3 4 |  4.9
Fighting       | 5 |  5.3
Staves         | |  1.0
Shields        | |  1.0
Hexes          | |  2.6
Evocations     | |  1.0

Action                   |  1- 3 |  4- 6 || total
-------------------------+-------+-------++-------
Melee: Quarterstaff      |    79 |    12 ||    91
       Tailslap          |     7 |     1 ||     8
       Unarmed           |     2 |    31 ||    33
  Use: Potion            |       |     2 ||     2
  Eat: Chunk             |     3 |       ||     3
       Ration            |       |     1 ||     1
Armor: Skin              |    30 |    33 ||    63
Dodge: Dodged            |    71 |    18 ||    89

Vault maps used:
D:1:      roderic_dead_forest
D:2:      lemuel_blue_sif_altar, serial_park_tiny_1
D:3:      lemuel_round_altar
